 Dungeon Crawl Stone Soup version 0.31-a0-174-g85c54bcb58 (webtiles) character file.

Game seed: 137588591995884585

103567 Geomchi the Warrior (level 16, -1/135 HPs)
             Began as a Djinni Hedge Wizard on June 13, 2023.
             Was the Champion of Zin.
             Slain by Bai Suzhen (4 damage)
             ... on level 3 of the Snake Pit on June 16, 2023.
             The game lasted 01:08:35 (27478 turns).

Geomchi the Warrior (Djinni Hedge Wizard)          Turns: 27478, Time: 01:08:35

Health: -1/135     AC: 18    Str: 12    XL:     16   Next: 89%
Gold:   1663       EV: 22    Int: 26    God:    Zin [******] SH:  0 Dex: 14

rFire   + + +        I - +10 dagger of Lies {holy, rC+}
rCold   + . .        (no shield)
rNeg    . . .        J - +4 leather armour of Wappawac {Str+3 Int+3}
rPois   ∞            g - +0 helmet
rElec   +            x - +0 cloak
rCorr   +            T - +2 pair of gloves
SInv    .            (boots unavailable)
Will    +....        P - amulet of regeneration
Stlth   ++           l - +5 ring of evasion
HPRegen 1.22/turn    m - +4 ring of protection
MPRegen 0.00/turn

%: infuse magic (-2 HP)
@: resistant, flying, studying Transmutations
A: sickness immunity, fire resistance 2, cold vulnerability 1, float, innate
caster, HP casting, extra vitality 1
a: Renounce Religion, Recite, Vitalisation, Imprison, Sanctuary, Donate Gold


You were on level 3 of the Snake Pit.
You worshipped Zin.
Zin was exalted by your worship.
You visited 5 branches of the dungeon, and saw 26 of its levels.
You also visited: Bailey.

You collected 2107 gold pieces.
You spent 279 gold pieces at shops.
You donated 165 gold pieces to Zin.

Inventory:

Hand Weapons
 C - the +4 quarterstaff of the Wonderful God {protect, rPois Int+3}
   (You found it on level 7 of the Dungeon)

   Int:       It affects your intelligence (+3).
   rPois:     It protects you from poison.
 D - the +7 trident of Precise Incision {flame, *Rage rC+++ Str+4 Stlth+}
   (You found it on level 15 of the Dungeon)

   Str:       It affects your strength (+4).
   rC:        It renders you almost immune to cold.
   *Rage:     It berserks you when you make melee attacks (+20% chance).
   Stlth:     It makes you more stealthy.
 I - the +10 dagger of Lies (weapon) {holy, rC+}
   (You bought it in a shop on level 2 of the Orcish Mines)

   rC:        It protects you from cold.
 Y - the +4 short sword "Bioranat" {heavy, rC+ rN+ SInv}
   (You found it on level 5 of the Lair of Beasts)

   rC:        It protects you from cold.
   rN:        It protects you from negative energy.
   SInv:      It lets you see invisible.
Missiles
 L - 2 throwing nets
Armour
 d - a +0 hat of see invisible
 g - a +0 helmet (worn)
 x - a +0 cloak (worn)
 J - the +4 leather armour of Wappawac (worn) {Str+3 Int+3}
   (You found it on level 9 of the Dungeon)

   Str:       It affects your strength (+3).
   Int:       It affects your intelligence (+3).
 T - a +2 pair of gloves (worn)
Magical Staves
 c - a staff of cold
 e - a staff of earth
 s - a staff of fire
 R - a staff of air
Jewellery
 l - a +5 ring of evasion (left hand)
 m - a +4 ring of protection (right hand)
 o - a +6 ring of dexterity
 r - an amulet of reflection
 t - a ring of wizardry
 G - an amulet of faith
 H - a +6 ring of intelligence
 N - a ring of see invisible
 P - an amulet of regeneration (around neck)
Wands
 b - a wand of light (5)
 A - a wand of roots (25)
 M - a wand of flame (12)
 Q - a wand of charming (23)
 W - a wand of digging (5)
Scrolls
 f - 3 scrolls of poison
 h - 4 scrolls of brand weapon
 j - 3 scrolls of immolation
 k - 5 scrolls of teleportation
 n - 2 scrolls of fog {unknown}
 q - 3 scrolls of fear
 u - 3 scrolls of enchant armour {unknown}
 v - a scroll of blinking
 y - 2 scrolls of enchant weapon
 z - a scroll of noise {unknown}
 E - 2 scrolls of identify
 F - 3 scrolls of butterflies {unknown}
 U - 2 scrolls of silence {unknown}
 Z - a scroll of acquirement {unknown}
Potions
 a - 5 potions of resistance
 i - 4 potions of enlightenment
 p - a potion of curing
 w - 2 potions of brilliance
 B - 2 potions of ambrosia
 K - a potion of mutation
 O - 2 potions of attraction
 S - a potion of might
 X - 2 potions of haste


   Skills:
 + Level 19.1 Fighting
 - Level 7.2 Staves
 - Level 7.5 Armour
 + Level 11.8 Dodging
 - Level 1.5 Stealth
 + Level 12.2 Spellcasting
 + Level 12.2 Conjurations
 + Level 12.2 Hexes
 + Level 12.2 Summonings
 + Level 12.2 Necromancy
 + Level 12.2 Translocations
 + Level 14.0 Transmutations
 + Level 12.2 Fire Magic
 + Level 12.2 Ice Magic
 + Level 12.2 Air Magic
 + Level 12.2 Earth Magic
 + Level 12.2 Poison Magic


You knew the following spells:

 Your Spells              Type           Power      Damage    Failure   Level
a - Magic Dart            Conj           100%       1d8       1%          1
b - Slow                  Hex            100%       N/A       1%          1
c - Blink                 Tloc           100%       N/A       1%          2
d - Static Discharge      Conj/Air       100%       2-7/arc   1%          2
e - Mephitic Cloud        Conj/Pois/Air  68%        N/A       1%          3
f - Sandblast             Erth           100%       2d20      1%          1
g - Tukima's Dance        Hex            68%        N/A       1%          3
h - Teleport Other        Tloc           68%        N/A       1%          3
i - Lee's Rapid Deconstr  Erth           34%        3d17*     1%          5
j - Call Imp              Summ           100%       N/A       1%          2
k - Dispersal             Tloc           34%        N/A       4%          6
m - Summon Mana Viper     Hex/Summ       68%        N/A       1%          5
Your spell library was empty.

Dungeon Overview and Level Annotations

Branches:
Dungeon (15/15)            Temple (1/1) D:7            Lair (5/5) D:11
  Swamp (0/4) Lair:3        Snake (3/4) Lair:2          Orc (2/2) D:11
    Elf (0/3) Orc:2        Vaults (0/5) D:14         Depths (0/4) D:15
 Bailey (visited)
  Slime: Lair:4-5

Altars:
Ashenzari
Cheibriados
Dithmenos
Elyvilon
Fedhas
Gozag
Makhleb
Nemelex Xobeh
Qazlal
Ru
Trog
Uskayaw
Wu Jian
Xom
Yredelemnul
Zin
Jiyva

Shops:
D:5 ?*   D:10 =   D:14 ?   Orc:2 :([*   Snake:3 ==:

Annotations:
Lair:2 exclusion: oklob plant
Lair:4 exclusion: 2 oklob plants
Lair:5 1 runed translucent door, ciphuk's ghost, journeyman TrMo
Snake:3 Bai Suzhen


Innate Abilities, Weirdness & Mutations

You are immune to sickness and miasma.
You are immune to poison.
Your flesh is very heat resistant. (rF++)
You are vulnerable to cold. (rC-)
You float through the air rather than walking.
You learn spells naturally, not from books.
Your magical power is your life essence.
You have superior vitality. (+4 MHP)


Message History

A rock wall.
The wall shatters!
The blast of rock fragments hits Bai Suzhen but does no damage.
* * * LOW HITPOINT WARNING * * *
Your mana viper is engulfed in a thunderstorm.
Your mana viper bites Bai Suzhen!
You take 4 damage, and have 25/135 hp.
Press: ? - help, Dir - move target, f - Bai Suzhen
Aim: Bai Suzhen (severely wounded, surrounded by thunder, ally target)
You need more space to imprison Bai Suzhen.
Unknown command.
Bai Suzhen attacks as you move away! Bai Suzhen misses you.
Bai Suzhen claws you.
* * * LOW HITPOINT WARNING * * *
Bai Suzhen closely misses you. Bai Suzhen breathes water at you.
The torrent of water misses you.
The wave splashes down.
You take 5 damage, and have 20/135 hp.
Blink to where?
Press: ? - help, Dir - move target, p - Bai Suzhen
As you read the scroll of blinking, it crumbles to dust.
You regained 2 hp, and now have 23/135 hp.
A mana viper appears with a sibilant hiss.
* * * LOW HITPOINT WARNING * * *
You take 2 damage, and have 23/135 hp.
Your mana viper bites Bai Suzhen.
Your mana viper bites Bai Suzhen but does no damage.
Bai Suzhen inspects her gathered herbal reagents.
You regained 2 hp, and now have 29/135 hp.
Bai Suzhen breathes water at you. The torrent of water misses you.
The wave splashes down.
A mana viper appears with a sibilant hiss.
* * * LOW HITPOINT WARNING * * *
Your mana viper disappears in a puff of smoke!
Bai Suzhen bites you!!
* * * LOW HITPOINT WARNING * * *
Bai Suzhen claws you.
* * * LOW HITPOINT WARNING * * *
Bai Suzhen tramples you.
You die...

.#............##>......##......##
.#######..................._...#.
.#.....##.....#..................
###.....#.....#~~~..............#
........##...##~~~.......####..##
..#......#...#<~~~.......#.......
.##.##..###..#...........#.......
.#...####.####..S......###.......
.#...........#.§@§......)........
##...........#.§D§######.........
.#####.#....###§§§# #..........#
...#...#.####.##.#####..........#
....§§.###...§§.................#
..##........§..§§..########....##
###.....>...§§....## #..###
.§§§.###...§§.....# #### )§§§.#
####§####~##


You could see Bai Suzhen (clouds, catching breath, ally target) and a friendly
mana viper (summoned).

Vanquished Creatures
  Aizul (Snake:3)
  An ettin (Orc:2)
  A two-headed ogre (D:9)
  An anaconda (Snake:2)
  3 centaur warriors (D:13)
  A naga warrior (Snake:2)
  2 death yaks (Lair:4)
  A tengu warrior (D:15)
  A skyshark (Lair:4)
  A skeletal warrior (D:15)
  2 deep trolls (D:15)
  A wizard (D:15)
  An orc knight (Orc:1)
  2 deep elf pyromancers
  3 manticores
  2 orc sorcerers
  A cyclops (D:11)
  3 salamanders
  7 ugly things
  6 elephants
  A naga mage (Snake:2)
  11 black mambas
  A guardian serpent (Lair:5)
  7 cane toads
  An unseen horror (D:11)
  A yaktaur (shapeshifter) (D:14)
  A komodo dragon (Lair:4)
  4 rime drakes
  2 tengu conjurers (D:15)
  2 efreet (D:15)
  2 trolls
  3 meliai (D:15)
  2 polar bears
  A spectral dream sheep (Lair:3)
  5 hornets
  6 blink frogs
  3 dream sheep (Lair:4)
  2 spriggans (Bailey)
  Sigmund (D:4)
  2 wraiths
  3 basilisks
  63 yaks
  3 wyverns
  A shadow (D:11)
  Grum (D:8)
  5 vampire mosquitoes (D:13)
  2 steam dragons (D:8)
  2 redbacks (Lair:5)
  Menkaure (D:7)
  5 nagas
  A hell hound (Lair:1)
  2 acid dragons
  10 water moccasins
  A swamp drake (D:11)
  9 orc warriors
  3 black bears
  3 sky beasts
  3 ice beasts (D:11)
  5 centaurs
  6 wolves
  7 ogres
  2 phantoms
  2 kobold brigands
  3 bullfrogs
  A gnoll sergeant (D:9)
  A scorpion (D:6)
  5 wights (D:5)
  6 killer bees (D:9)
  3 howler monkeys
  An electric eel (Lair:2)
  2 jellies (D:6)
  8 hounds
  Crazy Yiuf (D:3)
  10 orc priests
  A gnoll bouda (D:5)
  Jessica (D:3)
  3 iguanas
  A sleepcap (D:4)
  10 orc wizards
  3 hell rats (Lair:5)
  11 gnolls
  7 adders
  A white imp (D:7)
  2 ufetubi (D:5)
  3 worms
  2 dart slugs
  36 orcs
  8 endoplasms
  5 giant cockroaches
  10 goblins
  6 hobgoblins
  26 kobolds
  2 quokkas
  10 ball pythons
  10 bats
  5 frilled lizards (D:1)
  7 rats
  A butterfly (Lair:1)
451 creatures vanquished.

Vanquished Creatures (collateral kills)
  Gastronok (Lair:2)
  An orc warlord (Orc:2)
  Nessos (D:13)
  Harold (D:8)
  2 boulder beetles
  A ghost crab (Lair:3)
  A hydra (Lair:2)
  A catoblepas (Lair:1)
  6 centaur warriors
  3 two-headed ogres
  Erica (Orc:1)
  A death yak (Lair:4)
  A death knight (D:14)
  2 naga sharpshooters
  2 tengu warriors
  3 orc high priests (Orc:2)
  Nergalle (Lair:2)
  2 shock serpents
  A skyshark (Lair:3)
  4 skeletal warriors
  A salamander mystic (Snake:2)
  A mana viper (Snake:2)
  A deep elf pyromancer (D:15)
  A phantasmal warrior (D:14)
  A manticore (D:14)
  A wolf spider (Lair:5)
  5 orc knights (Orc:2)
  2 salamanders (Snake:2)
  An orc sorcerer (Orc:2)
  4 cyclopes
  2 elephants
  6 black mambas
  2 naga magi (Snake:2)
  4 cane toads
  A kobold demonologist (D:9)
  6 komodo dragons
  A rime drake (Lair:3)
  2 efreet (D:15)
  2 freezing wraiths (D:14)
  A tengu conjurer (D:15)
  A merfolk (shapeshifter) (D:15)
  3 polar bears
  A hornet (Lair:5)
  4 trolls
  3 dream sheep (Lair:4)
  9 blink frogs
  3 slime creatures (D:15)
  9 wyverns (Lair:5)
  19 yaks
  A golden eye (shapeshifter) (D:13)
  2 redbacks (Lair:5)
  A redback simulacrum (D:14)
  3 basilisks
  2 wargs
  A spectral cane toad (Lair:3)
  5 vampire mosquitoes (D:13)
  6 nagas
  2 acid dragons
  A hell hound (Lair:1)
  9 water moccasins
  A spectral blink frog (Lair:3)
  22 orc warriors
  An ogre (Orc:2)
  A centaur (D:7)
  2 spectral basilisks (Lair:3)
  4 bullfrogs
  A cane toad simulacrum (D:13)
  An elephant simulacrum (D:13)
  2 howler monkeys (D:13)
  4 electric eels
  8 orc priests
  A gnoll bouda (Orc:1)
  7 hell rats
  6 orc wizards
  A polar bear simulacrum (D:13)
  A spriggan simulacrum (D:13)
  A wolf simulacrum (D:13)
  3 gnolls (Orc:1)
  An adder (D:2)
  3 naga simulacra (D:13)
  13 orcs
  A ball python (D:2)
  A kobold (D:9)
  A butterfly (Lair:1)
253 creatures vanquished.

Vanquished Creatures (others)
  7 dancing weapons
  A sky beast (D:8)
  An orc (D:8)
  A kobold (D:8)
  A butterfly (D:15)
11 creatures vanquished.

Grand Total: 715 creatures vanquished

Notes
Turn   | Place    | Note
-------+----------+-------------------------------------------
     0 | D:1      | Geomchi the Djinni Hedge Wizard began the quest for the
                  | Orb.
     0 | D:1      | Geomchi set off with the following spells memorised: Magic
                  | Dart, Slow, Blink, Call Imp, Mephitic Cloud.
     0 | D:1      | Reached XP level 1. HP: 15/15 MP: 0/0
    75 | D:1      | Reached XP level 2. HP: 16/21 MP: 0/0
   181 | D:1      | Reached XP level 3. HP: 24/25 MP: 0/0
   181 | D:1      | Learned a level 1 spell: Sandblast
   647 | D:1      | Reached XP level 4. HP: 23/31 MP: 0/0
  1139 | D:2      | Found a faded altar of an unknown god.
  1553 | D:2      | Reached XP level 5. HP: 34/36 MP: 0/0
  1553 | D:2      | Learned a level 2 spell: Static Discharge
  1625 | D:3      | Reached skill level 1 in Fighting
  1670 | D:3      | Found a runed translucent door.
  1671 | D:3      | Noticed Crazy Yiuf
  2096 | D:3      | Noticed Jessica
  2101 | D:3      | Killed Jessica
  2102 | D:3      | Reached skill level 2 in Fighting
  2530 | D:3      | Killed Crazy Yiuf
  2531 | D:3      | Reached XP level 6. HP: 37/45 MP: 0/0
  2686 | D:4      | Reached skill level 3 in Fighting
  3138 | D:4      | Reached skill level 4 in Fighting
  3269 | D:4      | Found a sacrificial altar of Ru.
  3335 | D:4      | Noticed Sigmund
  3342 | D:4      | Killed Sigmund
  3343 | D:4      | Reached XP level 7. HP: 48/53 MP: 0/0
  3343 | D:4      | Learned a level 3 spell: Tukima's Dance
  3417 | D:4      | Reached skill level 5 in Fighting
  3670 | D:5      | Entered Level 5 of the Dungeon
  3689 | D:5      | Found an opulent altar of Gozag.
  3692 | D:5      | Found Gozag's Platinum Reserve.
  3730 | D:5      | Reached skill level 5 in Spellcasting
  3730 | D:5      | Reached skill level 5 in Conjurations
  3730 | D:5      | Reached skill level 5 in Hexes
  3730 | D:5      | Reached skill level 5 in Summonings
  3730 | D:5      | Reached skill level 5 in Necromancy
  3730 | D:5      | Reached skill level 5 in Translocations
  3730 | D:5      | Reached skill level 5 in Transmutations
  3730 | D:5      | Reached skill level 5 in Fire Magic
  3730 | D:5      | Reached skill level 5 in Ice Magic
  3730 | D:5      | Reached skill level 5 in Air Magic
  3730 | D:5      | Reached skill level 5 in Earth Magic
  3730 | D:5      | Reached skill level 5 in Poison Magic
  3791 | D:5      | Reached XP level 8. HP: 42/61 MP: 0/0
  3917 | D:5      | Reached skill level 6 in Fighting
  4868 | D:5      | Found Keuzegh's Magic Scroll Shop.
  4871 | D:5      | Bought a scroll of blinking for 82 gold pieces
  4871 | D:5      | Bought a scroll of identify for 22 gold pieces
  5195 | D:6      | Reached skill level 7 in Fighting
  5197 | D:6      | Found a stormy altar of Qazlal.
  5198 | D:6      | Found a hide-covered altar of Uskayaw.
  5335 | D:6      | Found a snail-covered altar of Cheibriados.
  5476 | D:6      | Found a blossoming altar of Fedhas.
  5500 | D:6      | Found a sparkling altar of Nemelex Xobeh.
  5772 | D:6      | Found a burning altar of Makhleb.
  5823 | D:6      | Reached XP level 9. HP: 61/68 MP: 0/0
  5823 | D:6      | Learned a level 3 spell: Teleport Other
  6142 | D:7      | Reached skill level 8 in Fighting
  6157 | D:7      | Found a bloodstained altar of Trog.
  6164 | D:7      | Found a staircase to the Ecumenical Temple.
  6173 | Temple   | Entered the Ecumenical Temple
  6181 | Temple   | Became a worshipper of Zin the Law-Giver
  6232 | D:7      | Found a flagged portal.
  6251 | D:7      | Found an ornate altar of the Wu Jian Council.
  6273 | Bailey   | Entered a bailey
  6393 | Bailey   | Reached skill level 9 in Fighting
  6393 | Bailey   | Reached skill level 5 in Dodging
  6468 | Bailey   | Noticed a two-headed ogre
  6902 | D:7      | Identified the +4 quarterstaff of the Wonderful God
                  | {protect, rPois Int+3}
  7024 | D:7      | Noticed Menkaure
  7031 | D:7      | Killed Menkaure
  7352 | D:8      | Noticed Grum
  7372 | D:7      | Reached XP level 10. HP: 51/78 MP: 0/0
  7797 | D:8      | Killed Grum
  7939 | D:8      | Noticed a manticore
  7953 | D:8      | Killed a manticore
  7954 | D:8      | Reached skill level 10 in Fighting
  8548 | D:8      | Reached * piety under Zin
  8715 | D:8      | Reached ** piety under Zin
  8744 | D:9      | Identified the +4 leather armour of Wappawac {Str+3 Int+3}
  8863 | D:9      | Noticed a two-headed ogre
  8876 | D:9      | Noticed a kobold demonologist
  8881 | D:9      | Killed a two-headed ogre
  8882 | D:9      | Reached skill level 11 in Fighting
  8882 | D:9      | Reached skill level 1 in Armour
  9010 | D:9      | Noticed Harold
  9030 | D:8      | Killed Harold
  9031 | D:8      | Reached XP level 11. HP: 28/87 MP: 0/0
  9031 | D:8      | Learned a level 5 spell: Lee's Rapid Deconstruction
  9926 | D:9      | Reached skill level 12 in Fighting
 10299 | D:10     | Entered Level 10 of the Dungeon
 10545 | D:10     | Found Cykhyvat's Jewellery Boutique.
 10601 | D:10     | Found a basalt altar of Yredelemnul.
 10782 | D:10     | Found a broken altar of Ashenzari.
 10948 | D:10     | Found a shimmering altar of Xom.
 10990 | D:10     | Reached *** piety under Zin
 11245 | D:10     | Found a white marble altar of Elyvilon.
 11620 | D:11     | Reached skill level 5 in Armour
 11806 | D:11     | Reached skill level 13 in Fighting
 11811 | D:11     | Reached XP level 12. HP: 49/98 MP: 0/0
 12726 | D:11     | Found a staircase to the Lair.
 13305 | D:11     | Found a staircase to the Orcish Mines.
 13569 | D:11     | Noticed a two-headed ogre
 13574 | D:11     | Noticed a centaur warrior
 13582 | D:11     | Killed a two-headed ogre
 13585 | D:11     | Killed a centaur warrior
 13805 | D:11     | Reached skill level 14 in Fighting
 14054 | Lair:1   | Entered Level 1 of the Lair of Beasts
 14408 | D:11     | Upgraded the game from 0.31-a0-162-gc4c5a43528 to
                  | 0.31-a0-174-g85c54bcb58
 15488 | D:11     | Reached XP level 13. HP: 67/106 MP: 0/0
 15488 | D:11     | Learned a level 5 spell: Summon Mana Viper
 16269 | Lair:1   | Reached skill level 15 in Fighting
 16430 | Lair:2   | Noticed a catoblepas
 16509 | Lair:2   | Noticed a five-headed hydra
 16588 | Lair:2   | Noticed Nergalle
 16593 | Lair:2   | Found a staircase to the Snake Pit.
 16633 | Lair:1   | Killed a catoblepas
 16700 | Lair:2   | Killed Nergalle
 16779 | Lair:2   | Noticed Gastronok
 16791 | Lair:2   | Killed Gastronok
 16810 | Lair:2   | You are sucked into a shaft and drop 1 floor!
 17037 | Lair:2   | Reached skill level 1 in Staves
 17057 | Lair:2   | Reached **** piety under Zin
 17100 | Lair:2   | Killed a five-headed hydra
 18112 | Lair:3   | Reached skill level 16 in Fighting
 18204 | Lair:3   | Reached ***** piety under Zin
 18465 | Lair:3   | Reached skill level 10 in Spellcasting
 18465 | Lair:3   | Reached skill level 10 in Conjurations
 18465 | Lair:3   | Reached skill level 10 in Hexes
 18465 | Lair:3   | Reached skill level 10 in Summonings
 18465 | Lair:3   | Reached skill level 10 in Necromancy
 18465 | Lair:3   | Reached skill level 10 in Translocations
 18465 | Lair:3   | Reached skill level 10 in Transmutations
 18465 | Lair:3   | Reached skill level 10 in Fire Magic
 18465 | Lair:3   | Reached skill level 10 in Ice Magic
 18465 | Lair:3   | Reached skill level 10 in Air Magic
 18465 | Lair:3   | Reached skill level 10 in Earth Magic
 18465 | Lair:3   | Reached skill level 10 in Poison Magic
 18468 | Lair:3   | Reached XP level 14. HP: 107/116 MP: 0/0
 18546 | Lair:3   | Found a staircase to the Swamp.
 19073 | Lair:4   | Reached skill level 5 in Staves
 19834 | Lair:4   | Found a viscous altar of Jiyva.
 19867 | Lair:5   | Entered Level 5 of the Lair of Beasts
 20144 | Lair:5   | Reached skill level 17 in Fighting
 20424 | Lair:5   | Reached XP level 15. HP: 61/124 MP: 0/0
 20424 | Lair:5   | Learned a level 6 spell: Dispersal
 20998 | Lair:5   | Found a runed translucent door.
 20999 | Lair:5   | Noticed ciphuk's ghost (journeyman TrMo)
 21090 | Lair:5   | Identified the +4 short sword "Bioranat" {heavy, rC+ rN+
                  | SInv}
 21397 | D:12     | You are sucked into a shaft and drop 1 floor!
 21687 | D:13     | Noticed Nessos
 21701 | D:13     | Killed Nessos
 21745 | D:13     | Found a frozen archway.
 21948 | D:13     | Reached ****** piety under Zin
 22397 | D:14     | Found a gate to the Vaults.
 22462 | D:14     | Found Iliygh's Magic Scroll Shoppe.
 22569 | D:14     | Reached skill level 18 in Fighting
 23278 | D:15     | Entered Level 15 of the Dungeon
 23285 | D:15     | Identified the +7 trident of Precise Incision {flame, *Rage
                  | rC+++ Str+4 Stlth+}
 23629 | D:15     | Reached XP level 16. HP: 132/132 MP: 0/0
 23714 | D:15     | Identified the +9 giant spiked club "Beetleslayer" {flame,
                  | Dex+4}
 23717 | D:15     | Found a white marble altar of Elyvilon.
 23844 | D:15     | Reached skill level 10 in Dodging
 23989 | D:15     | Found a staircase to the Depths.
 24184 | Orc:1    | Entered Level 1 of the Orcish Mines
 24192 | Orc:1    | Paralysed by an orc sorcerer for 2 turns
 24198 | Orc:1    | Noticed Erica
 24205 | Orc:1    | Killed Erica
 24657 | Orc:2    | Entered Level 2 of the Orcish Mines
 24744 | Orc:2    | Found Ydekh's Antique Armour Shop.
 25461 | Orc:2    | Found Guhes's General Store.
 25745 | Orc:2    | Found Parewn's Book Shop.
 25892 | Orc:2    | Found a staircase to the Elven Halls.
 25940 | Orc:2    | Found Akedet's Antique Weapon Emporium.
 26125 | Orc:2    | Bought an ancient dagger for 175 gold pieces
 26125 | Orc:2    | Identified the +10 dagger of Lies {holy, rC+} (You bought
                  | it in a shop on level 2 of the Orcish Mines)
 26243 | Snake:1  | Entered Level 1 of the Snake Pit
 26243 | Snake:1  | You are sucked into a shaft and drop 1 floor!
 26604 | Snake:2  | Reached skill level 19 in Fighting
 27008 | Snake:3  | Found Taiph's Book Shoppe.
 27008 | Snake:3  | Found Rapua's Jewellery Boutique.
 27009 | Snake:3  | Found Ameffar's Jewellery Boutique.
 27109 | Snake:3  | Found a shimmering altar of Xom.
 27232 | Snake:3  | Noticed Aizul
 27241 | Snake:3  | Killed Aizul
 27416 | Snake:3  | Noticed Bai Suzhen
 27445 | Snake:3  | HP: 2/135 [Bai Suzhen (7)]
 27478 | Snake:3  | HP: 3/135 [Bai Suzhen (5)]
 27478 | Snake:3  | Slain by Bai Suzhen

Illustrated notes

Levels and vault maps discovered:
D:1:      mrwooster_arrival_statue, layout_basic, lexackson_kobold_supper
D:2:      layout_basic, hellmonk_ecumenical_altar_arch_garden
D:3:      layout_loops_ring, tgw_sif, mainiacjoe_overflow_paths,
          kennysheep_generic_room_15, uniq_jessica, uniq_crazy_yiuf_cottage
D:4:      layout_basic, mainiacjoe_overflow_boulevard, uniq_sigmund
D:5:      layout_layer_cave, nicolae_gozag_zags_fifth_avenue, serial_shops,
          nicolae_shop_tiny_real_fake_doors
D:6:      layout_loops_ring, mainiacjoe_overflow_small_starburst,
          nemelex_xobeh_ov_fountains_minmay, mainiacjoe_overflow_brackets,
          general_overflow_altar, nicolae_overflow_two_pavilions
D:7:      layout_basic, mainiacjoe_overflow_24_doors,
          mainiacjoe_overflow_alcove_1, minmay_temple_entry_water_ring,
          enter_bailey_2, uniq_menkaure
D:8:      layout_cave_pools, serial_park_tiny_2, hangedman_misty_isle, uniq_grum
D:9:      layout_rooms, minmay_misc_feat_nine_boxes, uniq_harold
D:10:     layout_irregular_city, kennysheep_ying_yang,
          overflow_temple_1_default, lemuel_round_altar, serial_shops,
          nicolae_shop_gaudy_bauble, minmay_misc_feat_hallway
D:11:     layout_irregular_city, hellmonk_lair_entry_icy, erik_orc_1
D:12:     layout_stronghold
D:13:     layout_roguey, portal_ice_cave_entry_ice_simulacra, uniq_nessos
D:14:     layout_stronghold, david_vaults_4, serial_shops, nicolae_stop_n_shop_2
D:15:     hangedman_depths_entry_civil_slaughter, layout_gridville,
          nicolae_elyvilon_peaceful_grove
Temple:   nicolae_temple_two_arcs
Lair:1:   layout_hall_layers, enter_volcano_3, lemuel_fruit_fields,
          infiniplex_staircase_pool
Lair:2:   minmay_lair_oklob_tunnel, layout_gridlike,
          guppyfry_snake_entry_island, serial_forest,
          infiniplex_forest_clump_curved, infiniplex_forest_straight_2,
          infiniplex_forest_straight_4, infiniplex_forest_clump_curved,
          infiniplex_forest_end_3, infiniplex_forest_end_double,
          infiniplex_forest_split, infiniplex_forest_clump_small, uniq_nergalle,
          uniq_gastronok
Lair:3:   layout_cave_pods, nicolae_swamp_entry_spooky, grunt_megastairs_2,
          lemuel_fruit_tree
Lair:4:   layout_small_grid, minmay_slime_entry_oklob_enclosed,
          minmay_hedge_maze
Lair:5:   hangedman_lair_tendril_chambers, layout_concentric_octagons,
          ebering_ghost_inner_flame, serial_bayou_lagoon_b
Snake:1:  nicolae_snake_nest, layout_honeycomb, serial_shops,
          nicolae_square_shop, ebering_ghost_reflecting_pool, uniq_agnes
Snake:2:  layout_basic, abandoned_shop, hangedman_feature_mirror
Snake:3:  layout_honeycomb, basic_altar, minmay_shop_grove, uniq_aizul,
          uniq_bai_suzhen
Orc:1:    layout_caves, basic_altar, uniq_erica
Orc:2:    grunt_orc_gardens, layout_diamond_mine, grunt_orc_garden,
          grunt_orc_garden, grunt_orc_garden, grunt_orc_garden, basic_altar

Skill      XL: |  1  2  3  4  5  6  7  8  9 10 11 12 13 14 15 16 |
---------------+-------------------------------------------------+-----
Spellcasting   | 3 4 5 6 7 8 10 11 12 | 12.2
Conjurations   | 3 4 5 6 7 8 10 11 12 | 12.2
Hexes          | 3 4 5 6 7 8 10 11 12 | 12.2
Summonings     | 3 4 5 6 7 8 10 11 12 | 12.2
Necromancy     | 3 4 5 6 7 8 10 11 12 | 12.2
Translocations | 3 4 5 6 7 8 10 11 12 | 12.2
Transmutations | 3 4 5 6 7 8 10 11 12 14 | 14.0
Fire Magic     | 3 4 5 6 7 8 10 11 12 | 12.2
Ice Magic      | 3 4 5 6 7 8 10 11 12 | 12.2
Air Magic      | 3 4 5 6 7 8 10 11 12 | 12.2
Earth Magic    | 3 4 5 6 7 8 10 11 12 | 12.2
Poison Magic   | 3 4 5 6 7 8 10 11 12 | 12.2
Fighting       | 2 4 5 7 9 11 13 14 16 17 18 19 | 19.1
Dodging        | 3 5 6 9 11 | 11.8
Armour         | 2 5 7 |  7.5
Staves         | 3 7 |  7.2
Stealth        | |  1.5

Action                     |  1- 3 |  4- 6 |  7- 9 | 10-12 | 13-15 | 16-18 || total
---------------------------+-------+-------+-------+-------+-------+-------++-------
  Melee: Dagger            |       |     1 |       |       |       |    74 ||    75
         Quarterstaff      |       |     1 |    52 |   124 |   431 |       ||   608
         Staff             |       |       |     6 |       |       |       ||     6
         Short sword       |       |       |       |       |   164 |   184 ||   348
         Trident           |       |       |       |       |    46 |       ||    46
         Punch             |       |       |       |       |     5 |     2 ||     7
   Cast: Magic Dart        |    61 |   161 |   194 |   312 |    39 |     3 ||   770
         Call Imp          |     1 |     4 |     3 |       |       |       ||     8
         Static Discharge  |       |     7 |    17 |   154 |    15 |     5 ||   198
         Mephitic Cloud    |       |       |    11 |    19 |    12 |     6 ||    48
         Tukima's Dance    |       |       |     7 |    22 |     5 |    26 ||    60
         Lee's Rapid Decon |       |       |       |    32 |    42 |    29 ||   103
         Summon Mana Viper |       |       |       |       |   129 |    74 ||   203
         Sandblast         |       |       |       |       |     4 |       ||     4
         Slow              |       |       |       |       |     3 |       ||     3
         Dispersal         |       |       |       |       |     1 |       ||     1
         Teleport Other    |       |       |       |       |       |     2 ||     2
    Use: Scroll            |       |       |     9 |     2 |    11 |     2 ||    24
         Potion            |       |       |     1 |     1 |       |     6 ||     8
   Stab: Confused          |       |       |     1 |     2 |     2 |       ||     5
         Distracted        |       |       |       |       |     9 |     6 ||    15
         Sleeping          |       |       |       |       |       |     1 ||     1
 Armour: Robe              |     2 |     9 |    19 |    28 |       |       ||    58
         Leather armour    |       |       |       |    99 |   427 |   105 ||   631
  Dodge: Dodged            |     4 |    23 |    75 |   307 |   960 |   409 ||  1778
  Block: Other             |       |     4 |    22 |    82 |     4 |       ||   112
         Reflection        |       |       |     2 |     5 |       |       ||     7

Table legend: (Time is in decaauts)
 A = Elapsed time spent in this place.
 B = Non-inter-level travel time spent in this place.
 C = Inter-level travel time spent in this place.
 D = Time resting spent in this place.
 E = Time spent auto-exploring this place.
 F = Levels seen in this place.
 G = Mean time per level.
                   A        B        C        D        E       F      G
               +--------+--------+--------+--------+--------+-----+--------+
         Total |  27829 |  26648 |   1181 |   5846 |  15579 |  27 | 1030.7 |
       Dungeon |  18781 |  18097 |    684 |   4726 |  10418 |  15 | 1252.1 |
        Temple |     16 |      9 |      7 |      0 |      0 |   1 |   16.0 |
          Lair |   5543 |   5172 |    371 |    369 |   3507 |   5 | 1108.6 |
     Snake Pit |   1234 |   1220 |     14 |    191 |    718 |   3 |  411.3 |
  Orcish Mines |   2051 |   1946 |    105 |    473 |    893 |   2 | 1025.5 |
        Bailey |    202 |    202 |      0 |     87 |     43 |   1 |  202.0 |
               +--------+--------+--------+--------+--------+-----+--------+

Top non-repeatable levels by time:
    D:11: 3242 daAuts
    D:10: 2193 daAuts
     D:8: 1869 daAuts
     D:5: 1647 daAuts
     D:7: 1383 daAuts
  Lair:5: 1219 daAuts
  Lair:3: 1218 daAuts
   Orc:2: 1176 daAuts
  Lair:2: 1123 daAuts
  Lair:4: 1080 daAuts
    D:14: 1065 daAuts
     D:4: 1052 daAuts
     D:3: 1049 daAuts
     D:1: 983 daAuts
     D:9: 964 daAuts
